MLB
TORONTO BLUE JAYS @ NEW YORK YANKEES
06/03/2098
 
TOP OF THE 1ST
Toronto Blue Jays batting - Pitching for New York Yankees : RHP Anthony Gasper
Pitching: RHP Anthony Gasper
Batting: LHB Collin Coleman 0-0: SINGLE (Line Drive, 89S, EV 94.4 MPH)
Batting: SHB Dennis Desper 0-0: Ball
1-0: Foul Ball, location: 5DF
1-1: Foul Ball, location: 9LSF
1-2: Fly out, F9 (Flyball, 8RD, EV 105.0 MPH)
Batting: LHB John Slaff 0-0: Ball
1-0: Called Strike
1-1: Ball
2-1: Foul Ball, location: 7LMF
2-2: Ball
3-2: Strikes out looking
Batting: LHB Ramon Anguiano 0-0: Ball
1-0: Called Strike
1-1: Ball
2-1: SINGLE (Line Drive, 9S, EV 100.0 MPH)
Collin Coleman to second
Runner from 2nd tries for 3rd, SAFE, throw by RF made to third
Batting: RHB Greg Whitaker 0-0: Ground out 6-3 (Groundball, 56, EV 103.8 MPH)
Top of the 1st over - 0 runs, 2 hits, 0 errors, 2 left on base; Toronto 0 - New York 0
BOTTOM OF THE 1ST
New York Yankees batting - Pitching for Toronto Blue Jays : LHP Gary Brooks
Pitching: LHP Gary Brooks
Batting: RHB Cedric Tracy 0-0: Ball
1-0: Foul Ball, location: 2F
1-1: Foul Ball, location: 9LSF
1-2: Ball
2-2: Ground out 6-3 (Groundball, 6MS, EV 66.3 MPH)
Batting: RHB Aaron Comeaux 0-0: Ground out 2-3 (Groundball, 15S, EV 71.3 MPH)
Batting: RHB Brandon Thomas 0-0: Foul Ball, location: 2F
0-1: SINGLE (Line Drive, 78S, EV 85.6 MPH)
Batting: LHB Bill Hayden 0-0: Called Strike
0-1: Ball
1-1: Ball
2-1: Foul Ball, location: 2LF
2-2: Foul Ball, location: 2F
2-2: DOUBLE (Flyball, 7LD, EV 102.5 MPH)
Brandon Thomas to third
Runner from 3rd tries for Home, SAFE, no throw by LF
Batting: SHB Seth Hardenbrook 0-0: Ball
1-0: Called Strike
1-1: Foul Ball, location: 2F
1-2: Strikes out looking
Bottom of the 1st over - 1 run, 2 hits, 0 errors, 1 left on base; Toronto 0 - New York 1
TOP OF THE 2ND
Toronto Blue Jays batting - Pitching for New York Yankees : RHP Anthony Gasper
Batting: RHB Danny Daugherty 0-0: Called Strike
0-1: Swinging Strike
0-2: SINGLE (Flyball, 89S, EV 93.1 MPH)
Batting: RHB Justin Dupree 0-0: Called Strike
0-1: Ball
1-1: Fly out, F8 (Line Drive, 8LM, EV 100.6 MPH)
Batting: SHB Mark Spalding 0-0: Foul Ball, location: 2F
0-1: Ball
Wild Pitch!
Danny Daugherty to second
1-1: Called Strike
Danny Daugherty steals 3rd base
1-2: Strikes out swinging
Batting: SHB Alex Carrillo 0-0: Fly out, F8 (Flyball, 8LXD, EV 108.8 MPH)
Top of the 2nd over - 0 runs, 1 hit, 0 errors, 1 left on base; Toronto 0 - New York 1
BOTTOM OF THE 2ND
New York Yankees batting - Pitching for Toronto Blue Jays : LHP Gary Brooks
Batting: LHB Ryan McCullough 0-0: Ball
1-0: Fly out, F2 (Popup, 25F, EV 92.5 MPH)
Batting: SHB Chris Clark 0-0: Fly out, F3 (Popup, 34, EV 73.8 MPH)
Batting: LHB Bobby Brown 0-0: Ball
1-0: Called Strike
1-1: Ball
2-1: SINGLE (Line Drive, 9LS, EV 105.0 MPH)
Batting: RHB Robby Junker 0-0: Called Strike
0-1: Ball
1-1: Ball
2-1: Swinging Strike
2-2: Foul Ball, location: 3SF
2-2: Ball
3-2: SINGLE (Groundball, 13S, EV 66.9 MPH) (infield hit)
Bobby Brown to second
Batting: RHB Cedric Tracy 0-0: Called Strike
0-1: Called Strike
0-2: Foul Ball, location: 3FF
0-2: Ball
1-2: Foul Ball, location: 2F
1-2: Ball
2-2: Ball
3-2: Foul Ball, location: 2F
3-2: Strikes out looking
Bottom of the 2nd over - 0 runs, 2 hits, 0 errors, 2 left on base; Toronto 0 - New York 1
TOP OF THE 3RD
Toronto Blue Jays batting - Pitching for New York Yankees : RHP Anthony Gasper
Batting: LHB Collin Coleman 0-0: Called Strike
0-1: Foul Ball, location: 3FF
0-2: Ball
1-2: SINGLE (Line Drive, 34D, EV 100.0 MPH)
Batting: SHB Dennis Desper 0-0: Ball
1-0: Swinging Strike
1-1: Ball
2-1: Ball
3-1: Foul Ball, location: 7LMF
3-2: Fly out, F5 (Popup, 25F, EV 86.9 MPH)
Batting: LHB John Slaff 0-0: Ball
Collin Coleman steals 2nd base
1-0: Ball
2-0: Ball
3-0: Base on Balls
Batting: LHB Ramon Anguiano 0-0: Ball
1-0: Ball
2-0: Called Strike
2-1: Ball
3-1: Fly out, F6 (Popup, 6, EV 63.1 MPH)
Batting: RHB Greg Whitaker 0-0: Ball
1-0: Ball
2-0: Swinging Strike
2-1: Foul Ball, location: 9LMF
2-2: Strikes out swinging
Top of the 3rd over - 0 runs, 1 hit, 0 errors, 2 left on base; Toronto 0 - New York 1
BOTTOM OF THE 3RD
New York Yankees batting - Pitching for Toronto Blue Jays : LHP Gary Brooks
Batting: RHB Aaron Comeaux 0-0: Foul Ball, location: 9LDF
0-1: Foul Ball, location: 3F
0-2: Ball
1-2: Ground out 6-3 (Groundball, 6M, EV 78.8 MPH)
Batting: RHB Brandon Thomas 0-0: Ball
1-0: Ball
2-0: Ball
3-0: Called Strike
3-1: SINGLE (Line Drive, 6MD, EV 110.0 MPH)
Batting: LHB Bill Hayden 0-0: Ball
1-0: Called Strike
1-1: Ball
2-1: Fly out, F5 (Popup, 5SF, EV 71.9 MPH)
Batting: SHB Seth Hardenbrook 0-0: Called Strike
0-1: Swinging Strike
0-2: Strikes out swinging
Bottom of the 3rd over - 0 runs, 1 hit, 0 errors, 1 left on base; Toronto 0 - New York 1
TOP OF THE 4TH
Toronto Blue Jays batting - Pitching for New York Yankees : RHP Anthony Gasper
Batting: RHB Danny Daugherty 0-0: Foul Ball, location: 2F
0-1: Ball
1-1: Swinging Strike
1-2: Fly out, F9 (Line Drive, 9LM, EV 110.6 MPH)
Batting: RHB Justin Dupree 0-0: Ball
1-0: Foul Ball, location: 7LMF
1-1: Foul Ball, location: 2F
1-2: DOUBLE (Line Drive, 78D, EV 104.4 MPH)
Batting: SHB Mark Spalding 0-0: Ground out U3 (Groundball, 13, EV 89.4 MPH)
Justin Dupree to third
Batting: SHB Alex Carrillo 0-0: Foul Ball, location: 7LSF
0-1: Ball
1-1: Foul Ball, location: 5F
1-2: Ball
2-2: Fly out, F4 (Popup, 34D, EV 63.1 MPH)
Top of the 4th over - 0 runs, 1 hit, 0 errors, 1 left on base; Toronto 0 - New York 1
BOTTOM OF THE 4TH
New York Yankees batting - Pitching for Toronto Blue Jays : LHP Gary Brooks
Pitching: RHP Bryan Bassett
Batting: LHB Ryan McCullough 0-0: Foul Ball, location: 7LDF
0-1: Ball
1-1: SINGLE (Groundball, 34D, EV 104.4 MPH)
Batting: SHB Chris Clark 0-0: Ball
1-0: Sac Bunt to 2L - play at first, batter OUT! 2-3
Ryan McCullough to second
Batting: LHB Bobby Brown 0-0: Ground out 4-3 (Groundball, 4, EV 106.9 MPH)
Ryan McCullough to third
Batting: RHB Robby Junker 0-0: Ball
1-0: Swinging Strike
1-1: Called Strike
1-2: Strikes out swinging
Bottom of the 4th over - 0 runs, 1 hit, 0 errors, 1 left on base; Toronto 0 - New York 1
TOP OF THE 5TH
Toronto Blue Jays batting - Pitching for New York Yankees : RHP Anthony Gasper
Batting: LHB Collin Coleman 0-0: Called Strike
0-1: Ground out 6-3 (Groundball, 6, EV 105.6 MPH)
Batting: SHB Dennis Desper 0-0: Foul Ball, location: 9LSF
0-1: Ball
1-1: Ground out 2-3 (Groundball, 2R, EV 67.5 MPH)
Batting: LHB John Slaff 0-0: Ball
1-0: Swinging Strike
1-1: Ball
2-1: Ball
3-1: Base on Balls
Batting: LHB Ramon Anguiano 0-0: Ball
1-0: Ball
2-0: Foul Ball, location: 2F
2-1: Swinging Strike
2-2: SINGLE (Line Drive, 34D, EV 96.9 MPH)
John Slaff to second
Runner from 2nd tries for 3rd, SAFE, throw by RF made to third
Batting: RHB Greg Whitaker 0-0: Called Strike
0-1: Called Strike
0-2: Ball
1-2: Ball
2-2: Foul Ball, location: 9LDF
2-2: Ball
3-2: Foul Ball, location: 9LSF
3-2: Foul Ball, location: 9LSF
3-2: Base on Balls
Ramon Anguiano to second
Batting: RHB Danny Daugherty 0-0: Fly out, F7 (Flyball, 78S, EV 93.8 MPH)
Top of the 5th over - 0 runs, 1 hit, 0 errors, 3 left on base; Toronto 0 - New York 1
BOTTOM OF THE 5TH
New York Yankees batting - Pitching for Toronto Blue Jays : RHP Bryan Bassett
Batting: RHB Cedric Tracy 0-0: Ball
1-0: Ball
2-0: Ball
3-0: Base on Balls
Batting: RHB Aaron Comeaux 0-0: Called Strike
0-1: Ball
1-1: Foul Ball, location: 2F
1-2: Strikes out swinging
Batting: RHB Brandon Thomas 0-0: Called Strike
0-1: Fly out, F8 (Flyball, 8LD, EV 92.5 MPH)
Batting: LHB Bill Hayden 0-0: 2-RUN HOME RUN (Flyball, 89XD, EV 100.0 MPH), Distance : 415 ft
Batting: SHB Seth Hardenbrook 0-0: Foul Ball, location: 9LSF
0-1: Ball
1-1: Foul Ball, location: 2F
1-2: Strikes out looking
Bottom of the 5th over - 2 runs, 1 hit, 0 errors, 0 left on base; Toronto 0 - New York 3
TOP OF THE 6TH
Toronto Blue Jays batting - Pitching for New York Yankees : RHP Anthony Gasper
Batting: RHB Justin Dupree 0-0: Foul Ball, location: 2F
0-1: Swinging Strike
0-2: DOUBLE (Line Drive, 9LS, EV 95.6 MPH)
Batting: SHB Mark Spalding 0-0: Foul Ball, location: 7LSF
0-1: Ball
1-1: SINGLE (Line Drive, 8LS, EV 95.0 MPH)
Justin Dupree to third
Batting: SHB Alex Carrillo 0-0: Fly out, F8 (Flyball, 8RM, EV 86.3 MPH)
Runner from 3rd tags up, OUT at HOME! 8-2
Mark Spalding to second
Batting: LHB Collin Coleman 0-0: Ball
1-0: Fly out, F9 (Flyball, 9D, EV 106.9 MPH)
Top of the 6th over - 0 runs, 2 hits, 0 errors, 1 left on base; Toronto 0 - New York 3
BOTTOM OF THE 6TH
New York Yankees batting - Pitching for Toronto Blue Jays : RHP Bryan Bassett
Pitching: RHP Victor Urueta
Batting: LHB Ryan McCullough 0-0: Ball
1-0: Ball
2-0: Swinging Strike
2-1: Ball
3-1: Fly out, F9 (Flyball, 9S, EV 83.1 MPH)
Batting: SHB Chris Clark 0-0: Called Strike
0-1: DOUBLE (Line Drive, 9LS, EV 104.4 MPH)
Batting: LHB Bobby Brown 0-0: Ball
1-0: Ball
2-0: Called Strike
2-1: Swinging Strike
2-2: SINGLE (Flyball, 8RS, EV 92.5 MPH) - OUT at second base trying to stretch hit.
Chris Clark scores
Batting: RHB Robby Junker 0-0: Called Strike
0-1: Called Strike
0-2: Foul Ball, location: 3F
0-2: Ground out 4-3 (Groundball, 34, EV 98.8 MPH)
Bottom of the 6th over - 1 run, 2 hits, 0 errors, 0 left on base; Toronto 0 - New York 4
TOP OF THE 7TH
Toronto Blue Jays batting - Pitching for New York Yankees : RHP Anthony Gasper
Batting: SHB Dennis Desper 0-0: Foul Ball, location: 5DF
0-1: Ball
1-1: Foul Ball, location: 2F
1-2: Foul Ball, location: 2F
1-2: Ball
2-2: Fly out, F7 (Flyball, 7LSF, EV 91.9 MPH)
Batting: LHB John Slaff 0-0: SOLO HOME RUN (Flyball, 7D, EV 100.6 MPH), Distance : 389 ft
Batting: LHB Ramon Anguiano 0-0: Called Strike
0-1: Ball
1-1: Ball
2-1: Ground out 4-3 (Groundball, 4, EV 110.6 MPH)
Batting: RHB Greg Whitaker 0-0: Ball
1-0: Ball
2-0: Ball
3-0: Called Strike
3-1: Called Strike
3-2: Base on Balls
Pitching: RHP Luis Ramos
Batting: RHB Danny Daugherty 0-0: Ball
1-0: Ball
2-0: Called Strike
2-1: Swinging Strike
2-2: Foul Ball, location: 2F
2-2: Foul Ball, location: 2F
2-2: Foul Ball, location: 5FF
2-2: Foul Ball, location: 2F
2-2: Strikes out swinging
Top of the 7th over - 1 run, 1 hit, 0 errors, 1 left on base; Toronto 1 - New York 4
BOTTOM OF THE 7TH
New York Yankees batting - Pitching for Toronto Blue Jays : RHP Victor Urueta
Batting: RHB Cedric Tracy 0-0: Ball
1-0: Foul Ball, location: 2LF
1-1: Ball
2-1: Foul Ball, location: 5SF
2-2: Ball
3-2: Foul Ball, location: 25F
3-2: Base on Balls
Pitching: RHP Adrian Korner
Batting: RHB Aaron Comeaux 0-0: Foul Ball, location: 25FF
0-1: Ball
1-1: Swinging Strike
1-2: Strikes out swinging
Batting: RHB Brandon Thomas 0-0: Ball
1-0: Swinging Strike
1-1: Swinging Strike
1-2: Foul Ball, location: 7LSF
1-2: Ball
2-2: Grounds into double play, 4-6-3 (Groundball, 4, EV 106.9 MPH)
Bottom of the 7th over - 0 runs, 0 hits, 0 errors, 0 left on base; Toronto 1 - New York 4
TOP OF THE 8TH
Toronto Blue Jays batting - Pitching for New York Yankees : RHP Luis Ramos
Batting: RHB Justin Dupree 0-0: Ball
1-0: Swinging Strike
1-1: Ball
2-1: Ball
3-1: Called Strike
3-2: Strikes out looking
Batting: SHB Mark Spalding 0-0: Foul Ball, location: 9LSFF
0-1: Ball
1-1: Called Strike
1-2: Ball
2-2: Ball
3-2: Foul Ball, location: 9LMF
3-2: Strikes out looking
Batting: SHB Alex Carrillo 0-0: Ball
1-0: Foul Ball, location: 23F
1-1: Swinging Strike
1-2: Ball
2-2: SOLO HOME RUN (Line Drive, 9D, EV 97.5 MPH), Distance : 372 ft
Batting: LHB Collin Coleman 0-0: Ball
1-0: DOUBLE (Groundball, 3L, EV 101.9 MPH)
Batting: SHB Dennis Desper 0-0: Foul Ball, location: 7LDF
0-1: Ball
1-1: Ball
2-1: Fly out, F8 (Flyball, 78D, EV 105.0 MPH)
Top of the 8th over - 1 run, 2 hits, 0 errors, 1 left on base; Toronto 2 - New York 4
BOTTOM OF THE 8TH
New York Yankees batting - Pitching for Toronto Blue Jays : RHP Adrian Korner
Pitching: LHP Domingo Tamayo
Batting: LHB Bill Hayden 0-0: Called Strike
0-1: Called Strike
0-2: Ball
1-2: Fly out, F7 (Flyball, 7LM, EV 93.1 MPH)
Batting: SHB Seth Hardenbrook 0-0: Ball
1-0: Called Strike
1-1: Foul Ball, location: 7LDF
1-2: Strikes out looking
Batting: LHB Ryan McCullough 0-0: Fly out, F7 (Flyball, 7, EV 73.8 MPH)
Bottom of the 8th over - 0 runs, 0 hits, 0 errors, 0 left on base; Toronto 2 - New York 4
TOP OF THE 9TH
Toronto Blue Jays batting - Pitching for New York Yankees : RHP Luis Ramos
Pitching: RHP Jon Barton
Now in RF: Carlos Jeronimo
Batting: LHB John Slaff 0-0: Ball
1-0: Ball
2-0: Called Strike
2-1: Ball
3-1: Called Strike
3-2: Foul Ball, location: 2F
3-2: Ground out 2-3 (Groundball, 15S, EV 66.3 MPH)
Batting: LHB Ramon Anguiano 0-0: Ball
1-0: Foul Ball, location: 9LMF
1-1: Swinging Strike
1-2: Strikes out swinging
Batting: RHB Greg Whitaker 0-0: Called Strike
0-1: Ball
1-1: Ball
2-1: Ball
3-1: Called Strike
3-2: Foul Ball, location: 5DF
3-2: Foul Ball, location: 3SF
3-2: Foul Ball, location: 9LMF
3-2: Ground out 6-3 (Groundball, 6, EV 101.3 MPH)
Top of the 9th over - 0 runs, 0 hits, 0 errors, 0 left on base; Toronto 2 - New York 4
Saturday, April 6th , 2024 - OOTP Baseball 24.11 Build 85